 Dungeon Crawl Stone Soup version 0.31-a0-271-gb88eb75e06 (webtiles) character file.

Game seed: 12861942238717641667

558254 RepHenryClay the Impregnable (level 26, -31/190 HPs)
             Began as a Tengu Reaver on July 12, 2023.
             Was a High Priest of Okawaru.
             Annihilated by a titan (61 damage)
             ... on level 5 of the Vaults on July 14, 2023.
             The game lasted 02:46:00 (58531 turns).

RepHenryClay the Impregnable (Tengu Reaver)        Turns: 58531, Time: 02:46:00

Health: -31/190    AC: 31    Str: 21    XL:     26   Next: 55%
Magic:  40/43      EV: 31    Int: 21    God:    Okawaru [*****.]
Gold:   1652       SH:  0    Dex: 23    Spells: 18/39 levels left

rFire   + . .        a - +8 eveningstar (spect)
rCold   + + +        X - +3 buckler "Ibraj" {*Corrode rC+++ Str+3 Dex-4}
rNeg    + . .        K - +6 pearl dragon scales
rPois   .            E - +3 crown of Dyrovepreva {rElec Int+2 SInv}
rElec   +            m - +1 cloak {Will+}
rCorr   .            D - +1 pair of gloves of the Thinker {Str+2}
SInv    +            (boots unavailable)
Will    ++...        S - amulet "Atufren" {Regen+ Str+4} Stlth
                     p - ring of Qusev {MP+9 Dex+7 SInv}
HPRegen 1.31/turn    v - ring of protection from fire
MPRegen 0.28/turn

%: corrode self (3%)
@: confused, ambrosia-drunk, corroded, flying quickly and evasively, studying
Axes, quick
A: beak, talons 3, nimble flight, thin skeletal structure 1, robust 1, weak 1,
MP-powered wands
}: 3/15 runes: barnacled, abyssal, gossamer
a: Renounce Religion, Heroism, Finesse, Duel


You were on level 5 of the Vaults.
You worshipped Okawaru.
Okawaru was extremely pleased with you.
You visited 8 branches of the dungeon, and saw 44 of its levels.
You visited the Abyss 1 time.
You also visited: Ossuary, Bailey, Gauntlet, Ice Cave and Wizlab.

You collected 7064 gold pieces.
You spent 5412 gold pieces at shops.

Inventory:

Hand Weapons
 a - a +8 spectral eveningstar (weapon)
 b - the +5 morningstar "Tengu's Doom" {freeze, rElec rF+ MP+9}
   (You found it on level 15 of the Dungeon)

   rF:        It protects you from fire.
   rElec:     It insulates you from electricity.
   MP:        It affects your magic capacity (+9).
 h - a +1 hand axe of flaming
 V - the +9 morningstar "Zuussiku" {flame, *Rage rElec rC+}
   (You bought it in a shop on level 2 of the Orcish Mines)

   rC:        It protects you from cold.
   rElec:     It insulates you from electricity.
   *Rage:     It berserks you when you make melee attacks (+20% chance).
Missiles
 w - 3 throwing nets
 G - 22 silver javelins
Armour
 e - the +0 hat "Rexoca" {rPois rF+ Slay+2}
   (You acquired it on level 5 of the Lair of Beasts)

   Slay:      It affects your accuracy & damage with ranged weapons and melee
   (+2).
   rF:        It protects you from fire.
   rPois:     It protects you from poison.
 m - a +1 cloak of willpower (worn)
 C - the +2 cloak of Filth {+Inv, Rampage MP+9 Slay+3 Stlth-}
   (You found it in a wizard's laboratory)

   Slay:      It affects your accuracy & damage with ranged weapons and melee
   (+3).
   MP:        It affects your magic capacity (+9).
   Rampage:   It bestows one free step when moving towards enemies.
   Stlth:     It makes you less stealthy.
 D - the +1 pair of gloves of the Thinker (worn) {Str+2}
   (Okawaru gifted it to you on level 4 of the Shoals)

   Str:       It affects your strength (+2).
 E - the +3 crown of Dyrovepreva (worn) {rElec Int+2 SInv}
   (You bought it in a shop on level 1 of the Vaults)

   Int:       It affects your intelligence (+2).
   rElec:     It insulates you from electricity.
   SInv:      It lets you see invisible.
 K - +6 pearl dragon scales (worn)
 M - the +1 cloak of Starlight {*Dazzle EV+4 Stlth--}
   (You found it in a wizard's laboratory)

   *Dazzle:   It may blind those who miss an attack against the wearer in melee
   combat.
   EV:        It affects your evasion (+4).
   Stlth:     It makes you much less stealthy.
 O - the +2 kite shield of Limited Liability {Dex+2}
   (Okawaru gifted it to you on level 1 of the Lair of Beasts)

   Dex:       It affects your dexterity (+2).
 Q - a +0 pair of gloves of strength
 R - the +2 ratskin cloak {*Rats rPois rN+ Str-1 Int-1 Dex+1}
   (You acquired it on level 4 of the Realm of Zot)

   *Rats:     When the wearer is hurt, rats may emerge from it to assist them.
   Str:       It affects your strength (-1).
   Int:       It affects your intelligence (-1).
   Dex:       It affects your dexterity (+1).
   rPois:     It protects you from poison.
   rN:        It protects you from negative energy.
 X - the +3 buckler "Ibraj" (worn) {*Corrode rC+++ Str+3 Dex-4}
   (You bought it in a shop on level 1 of the Orcish Mines)

   Str:       It affects your strength (+3).
   Dex:       It affects your dexterity (-4).
   rC:        It renders you almost immune to cold.
   *Corrode:  It may corrode you when you take damage.
Jewellery
 n - the ring of Gyx Zics {rElec Will+ Str-5 Int-5 SInv}
   (You found it in a Gauntlet)

   [ring of willpower]

   Str:       It affects your strength (-5).
   Int:       It affects your intelligence (-5).
   rElec:     It insulates you from electricity.
   SInv:      It lets you see invisible.
   Will:      It increases your willpower.
 p - the ring of Qusev (left hand) {MP+9 Dex+7 SInv}
   (You bought it in a shop on level 1 of the Vaults)

   [ring of magical power]

   Dex:       It affects your dexterity (+7).
   MP:        It affects your magic capacity (+9).
   SInv:      It lets you see invisible.
 q - a ring of positive energy
 v - a ring of protection from fire (right hand)
 x - a ring of resist corrosion
 S - the amulet "Atufren" (around neck) {Regen+ Str+4}
   (You found it in a Gauntlet)

   [amulet of regeneration]

   Str:       It affects your strength (+4).
   Regen:     It increases your rate of health regeneration.
 Z - a ring of protection from cold
Talismans
 d - a serpent talisman
 H - a storm talisman
Wands
 f - a wand of digging (6)
 t - a wand of roots (56)
 L - a wand of quicksilver (15)
 W - a wand of mindburst (15)
Scrolls
 c - 3 scrolls of brand weapon
 g - 26 scrolls of identify {@r1}
 r - 2 scrolls of teleportation
 F - 5 scrolls of fear
 N - 7 scrolls of amnesia
 P - 2 scrolls of butterflies
 T - a scroll of revelation
 U - 11 scrolls of fog
Potions
 i - 19 potions of curing
 j - 4 potions of invisibility
 k - 9 potions of enlightenment
 l - 5 potions of haste
 o - 3 potions of ambrosia
 s - 11 potions of mutation
 u - 3 potions of brilliance
 z - 6 potions of resistance
 A - 5 potions of magic
 B - a potion of cancellation
 Y - 3 potions of berserk rage
Miscellaneous
 y - a condenser vane
 J - a lightning rod (4/4)


   Skills:
 + Level 19.9 Fighting
 - Level 16.3 Maces & Flails
 - Level 23.3 Armour
 + Level 21.4 Dodging
 - Level 6.9 Shields
 - Level 7.1 Spellcasting
 - Level 15.8 Conjurations
 - Level 9.5 Translocations
 - Level 7.0 Ice Magic
 - Level 12.1 Air Magic
 - Level 10.0 Invocations


You had 18 spell levels left.
You knew the following spells:

 Your Spells              Type           Power      Damage    Failure   Level
a - Kiss of Death         Conj/Necr      100%       2d13      1%          1
c - Lesser Beckoning      Tloc           94%        N/A       1%          2
d - Manifold Assault      Tloc           47%        N/A       3%          4
e - Vhi's Electric Charg  Tloc/Air       100%       N/A       1%          3
f - Iskenderun's Mystic   Conj/Tloc      57%        2d12      1%          4
g - Freezing Cloud        Conj/Ice/Air   27%        6-21      4%          5
Q - Blink                 Tloc           94%        N/A       1%          2

Your spell library contained the following spells:

 Spells                   Type           Power      Damage    Failure   Level
 Apportation              Tloc           94%        N/A       1%          1
 Shock                    Conj/Air       100%       1d9       1%          1
 Momentum Strike          Conj/Tloc      100%       3d10      1%          2
 Static Discharge         Conj/Air       100%       2-7/arc   1%          2
 Gell's Gravitas          Tloc           47%        N/A       1%          3
 Hailstorm                Conj/Ice       53%        3d12      1%          3
 Mephitic Cloud           Conj/Pois/Air  46%        N/A       1%          3
 Swiftness                Air            55%        N/A       1%          3
 Teleport Other           Tloc           47%        N/A       1%          3
 Airstrike                Air            27%        2d(4-20)  1%          4
 Arcjolt                  Conj/Air       30%        1d40      1%          5
 Poisonous Vapours        Pois/Air       64%        N/A       2%          2
 Dazzling Flash           Conj/Hex       80%        N/A       2%          3
 Stone Arrow              Conj/Erth      80%        3d12      2%          3
 Ozocubu's Armour         Ice            36%        N/A       3%          3
 Cigotuvi's Dreadful Rot  Necr/Pois/Air  48%        N/A       5%          2
 Ensorcelled Hibernation  Hex/Ice        44%        N/A       7%          2
 Flame Wave               Conj/Fire      40%        2d11      8%          4
 Fulminant Prism          Conj/Hex       20%        3d12      8%          4
 Sticky Flame             Conj/Fire      40%        2d6       8%          4
 Portal Projectile        Hex/Tloc       54%        N/A       9%          3
 Volatile Blastmotes      Fire/Tloc      54%        2d14      9%          3
 Conjure Ball Lightning   Conj/Air       30%        3x3d10    10%         6
 Necrotise                Necr           28%        1d5       19%         1
 Sandblast                Erth           14%        2d6       19%         1
 Fireball                 Conj/Fire      20%        3d10      21%         5
 Passwall                 Tmut/Erth      5%         N/A       28%         2
 Silence                  Hex/Air        16%        N/A       41%         5
 Confusing Touch          Hex            7%         N/A       50%         3
 Ignite Poison            Fire/Tmut/Pois 7%         N/A       50%         3
 Inner Flame              Hex/Fire       7%         N/A       50%         3
 Vampiric Draining        Necr           7%         2d6       50%         3
 Dispersal                Tloc           23%        N/A       50%         6
 Leda's Unmaking          Conj/Erth      20%        9d4       75%         6
 Metabolic Englaciation   Hex/Ice        11%        N/A       77%         5
 Anguish                  Hex/Necr       3%         N/A       88%         4
 Cause Fear               Hex            3%         N/A       88%         4
 Dispel Undead            Necr           7%         3d8       88%         4
 Leda's Liquefaction      Hex/Erth       3%         N/A       88%         4
 Olgreb's Toxic Radiance  Pois           7%         N/A       88%         4
 Petrify                  Tmut/Erth      7%         N/A       88%         4
 Agony                    Necr           7%         N/A       99%         5
 Alistair's Intoxication  Tmut/Pois      4%         N/A       99%         5
 Borgnjor's Vile Clutch   Necr/Erth      3%         N/A       99%         5
 Eringya's Noxious Bog    Tmut/Pois      3%         4d6       100%        6
 Discord                  Hex            3%         N/A       100%        8
 Disjunction              Tloc           23%        N/A       100%        8
 Ignition                 Fire           3%         3d4       100%        8
 Lehudib's Crystal Spear  Conj/Erth      20%        10d6      100%        8
 Maxwell's Capacitive Co  Air            27%        ∞         100%        8
 Fire Storm               Conj/Fire      20%        8d5       100%        9
 Summon Lightning Spire   Summ/Air       Unusable   N/A       N/A         4
 Summon Small Mammal      Summ           Unusable   N/A       N/A         1
 Call Canine Familiar     Summ           Unusable   N/A       N/A         3
 Tukima's Dance           Hex            Unusable   N/A       N/A         3
 Animate Armour           Summ/Erth      Unusable   N/A       N/A         4
 Death Channel            Necr           Unusable   N/A       N/A         6
 Simulacrum               Ice/Necr       Unusable   N/A       N/A         6
 Dragon's Call            Summ           Unusable   N/A       N/A         9

Dungeon Overview and Level Annotations

Branches:
Dungeon (15/15)            Temple (0/1) D:7            Lair (5/5) D:8
 Shoals (4/4) Lair:2       Spider (4/4) Lair:3          Orc (2/2) D:12
    Elf (0/3) Orc:2        Vaults (5/5) D:14          Crypt (0/3) Vaults:3
 Depths (4/4) D:15            Zot (5/5) Depths:4    Ossuary (visited)
 Bailey (visited)           IceCv (visited)          WizLab (visited)
Gauntlet (visited)
  Slime: Lair:4-5

Altars:
Ashenzari
Elyvilon
Hepliaklqana
Kikubaaqudgha
Makhleb
Nemelex Xobeh
Okawaru
Qazlal
Ru
Sif Muna
Vehumet
Xom
Yredelemnul
Jiyva

Shops:
D:13 =   Orc:1 [   Orc:2 (([*   Vaults:1 !***   Vaults:3 [::(   Vaults:4 (:
Depths:1 *   Depths:4 *

Portals:
Hell: Depths:1 Depths:2 Depths:3 Depths:4
Abyss: Depths:2 Depths:3 Depths:4
Pandemonium: Depths:1 Depths:2 Depths:3 Depths:4
Ziggurat: Depths:1

Annotations:
D:9 2 transporters
D:10 1 runed translucent door
Lair:4 exclusion: oklob plant
Lair:5 exclusion: obsidian statue
Spider:3 2 transporters
Vaults:1 crown
Vaults:5 Jory
Depths:2 1 runed translucent door


Innate Abilities, Weirdness & Mutations

You have a beak for a mouth.
You have claws for feet.
Your magical nature lets you fly swiftly and evasively.
You have a somewhat thin skeletal structure. (Dex +2, Stealth+)
You are robust. (+10% HP)
You are weak. (Str -2)
You expend magic power (3 MP) to strengthen your wands.


Message History

Okawaru accepts your kill.
The vault guard is engulfed in freezing vapours. x2
The vault guard completely misses you.
The deep elf demonologist gestures wildly while chanting.
The vault warden is engulfed in freezing vapours.
The titan is engulfed in freezing vapours.
The titan hits you!!!
* * * LOW HITPOINT WARNING * * *
The yaktaur is engulfed in freezing vapours.
You kill the yaktaur!
Okawaru accepts your kill.
Huge Dmg: -19%(-37hp) hp: 12%(21hp)
You puncture the titan! You peck the titan, but do no damage.
The titan is lightly wounded.
Your +8 spectral eveningstar hits the titan!!
Unknown command.
Okay, then.
Your +8 spectral eveningstar disappears.
The vault warden is engulfed in freezing vapours.
The vault guard is engulfed in freezing vapours.
The titan is engulfed in freezing vapours.
The vault guard is engulfed in freezing vapours.
You are confused.
You feel invigorated.
The runic seals fade away.
The vault guard is engulfed in freezing vapours.
The vault warden is engulfed in freezing vapours.
The titan closely misses you.
The vault guard is engulfed in freezing vapours.
The vault guard hits you but does no damage.
You sock the titan! You claw the titan, but do no damage.
You peck the titan, but do no damage.
The titan is heavily wounded.
Your +8 spectral eveningstar hits the titan but does no damage.
The vault guard is engulfed in freezing vapours.
The vault warden closely misses you.
The vault warden hits your +8 spectral eveningstar with a +1 war axe.
Your spectral weapon shares its damage with you!
* * * LOW HITPOINT WARNING * * *
The titan hits you!!!
You die...

#).#.p.pp.....p......#..
#...p..h..cp..p.....#pp.
#...e###################
#............,,,,,,,,,,,
#..4.........,,,,,,,,,,,
#§§.pp.....p.,,,,,,,,,,,
#§§§.........,,,,,,,,,,,
#.§§p#########**********
#.§§pC@.......,,+,,,,,,,
#.§#.p(.......,***,,,,,,
#..#.......!..**,**,,,,,
#..#.........#*,,,**,,,,
#.,#.......###,,,,,***,,
#,,#......+#,,,,,,,,,*+,
*,,#.....#+..,,,,,,,,,+*
*,,#...###...,,,,,,,,,,*
*,,*,,**,,,,,,,,,,,,,,,,


You could see a titan (strong), a vault warden, 2 vault guards and a friendly +8
spectral eveningstar.

Vanquished Creatures
  An ancient lich (Vaults:5)
  2 orbs of fire
  Tiamat (Zot:1)
  2 juggernauts
  Sojobo (D:14)
  The ghost of Miownoin the Impregnable, a master GrFi of Ashenzari (Depths:2)
  Frederick (Depths:3)
  2 Killer Klowns
  2 caustic shrikes
  2 curse toes
  Nikola (Spider:1)
  7 golden dragons
  A bone dragon (Depths:3)
  Arachne (Spider:3)
  16 tentacled monstrosities
  2 Ice Fiends
  Jorgrun (Shoals:1)
  5 titans
  A walking earthen tome (Depths:3)
  4 liches
  2 quicksilver dragons (Zot:2)
  A walking divine tome (Depths:2)
  3 tentacled starspawn
  An eldritch tentacle (WizLab)
  3 death cobs
  The ghost of Pileu the Eclecticist, an adept DsFE of Sif Muna (Vaults:3)
  4 shadow dragons
  3 sphinxes
  6 tengu reavers
  Agnes (Spider:3)
  Polyphemus (Shoals:3)
  5 draconian monks
  A nagaraja (Abyss:3)
  10 storm dragons
  Aizul (Vaults:4)
  Ilsuiw (Shoals:3)
  4 emperor scorpions
  4 draconian knights
  7 ghost moths
  4 draconian scorchers
  6 draconian shifters
  Louise (Spider:3)
  10 draconian stormcallers
  7 frost giants
  3 balrugs
  6 fire giants
  10 vault wardens
  2 draconian annihilators (Zot:1)
  3 orc warlords
  12 ironbound preservers
  3 spriggan defenders
  A war gargoyle (Vaults:2)
  A reaper (Depths:1)
  16 very ugly things
  10 ironbound thunderhulks
  5 stone giants
  A vampire knight (Depths:3)
  Nessos (D:13)
  7 green draconians
  8 white draconians
  14 dire elephants
  5 black draconians
  8 red draconians
  A minotaur (Gauntlet)
  A deep elf demonologist (Vaults:4)
  5 spark wasps
  4 yellow draconians
  9 purple draconians
  2 deep elf death magi
  A green death (Gauntlet)
  10 ettins
  3 blizzard demons
  8 merfolk impalers (Shoals:4)
  Snorg (D:13)
  8 yaktaur captains
  3 spriggan zombies
  6 merfolk javelineers
  9 fire dragons
  A crystal guardian (Vaults:3)
  2 entropy weavers
  Josephine (D:13)
  A quicksilver dragon skeleton (Depths:2)
  3 rakshasas
  6 great orbs of eyes
  5 hydras
  5 spriggan air magi
  A catoblepas (Shoals:3)
  A caustic shrike simulacrum (IceCv)
  2 ogre magi
  Erolcha (Orc:2)
  8 ice dragons
  A juggernaut simulacrum (Depths:3)
  7 merfolk aquamancers
  15 vault guards
  2 peacekeepers
  A jorogumo (Spider:3)
  A radroach (Spider:2)
  14 centaur warriors
  7 boulder beetles
  4 alligator snapping turtles
  2 merfolk avatars (Shoals:2)
  A death knight (D:15)
  9 two-headed ogres
  5 deep troll shamans
  5 ironbound frosthearts
  3 satyrs
  7 tengu warriors
  4 death yaks
  3 vampire magi
  5 demonic crawlers
  8 deep troll earth magi
  2 thrashing horrors
  2 orc high priests (Orc:2)
  3 spriggan berserkers
  14 hell knights
  A sun demon (Depths:1)
  2 titan zombies
  Urug (Lair:3)
  A soul eater (Depths:4)
  2 deep elf knights (D:15)
  2 wretched stars
  3 skysharks
  Sonja (Orc:2)
  3 skeletal warriors (D:11)
  15 iron trolls
  7 glowing orange brains
  2 sixfirhies
  5 pharaoh ants
  A flayed ghost (Depths:4)
  12 sea snakes
  A kraken simulacrum (Shoals:4)
  10 orb spiders
  2 bog bodies (IceCv)
  39 deep trolls
  A spectral anaconda (Lair:5)
  A spriggan simulacrum (IceCv)
  A phantasmal warrior (Vaults:5)
  7 wizards
  A tengu zombie (Vaults:2)
  A swamp dragon (Abyss:3)
  16 ironbound convokers
  A lindwurm (shapeshifter) (Depths:3)
  14 necromancers
  6 steelbarb worms
  10 orc knights
  Pikel (D:7)
  10 lindwurms
  A deep elf pyromancer (D:12)
  A deep elf archer (D:15)
  13 harpies
  3 obsidian statues
  A sphinx skeleton (Depths:3)
  3 iron dragon zombies
  47 ugly things
  A wolf spider (shapeshifter) (Depths:3)
  A sphinx zombie (Vaults:2)
  2 deep elf zephyrmancers (D:15)
  15 wolf spiders
  2 stone giant zombies
  9 manticores
  A frost giant zombie (Depths:1)
  8 cyclopes
  10 fauns
  A fire giant zombie (Depths:2)
  23 moths of wrath
  An orc sorcerer (D:15)
  16 elephants
  A frost giant skeleton (Depths:2)
  5 worldbinders
  5 black mambas
  3 rust devils
  3 apocalypse crabs
  4 merfolk sirens
  3 guardian serpents (WizLab)
  A titan simulacrum (Depths:2)
  Maurice (D:8)
  4 water nymphs
  9 vault sentinels
  4 torpor snails
  A storm dragon simulacrum (Vaults:4)
  4 smoke demons
  2 human zombies
  3 gargoyles
  3 rime drakes
  7 cane toads
  4 orange demons
  2 unseen horrors
  5 kobold demonologists
  A komodo dragon (shapeshifter) (D:15)
  A rime drake (shapeshifter) (D:14)
  12 freezing wraiths
  2 demonspawn skeletons (WizLab)
  6 golden dragon simulacra (IceCv)
  5 ice devils
  An efreet (D:15)
  7 komodo dragons
  3 tengu conjurers
  An anaconda simulacrum (IceCv)
  21 yaktaurs
  4 ancient zymes
  A troll (shapeshifter) (Depths:3)
  A merfolk (shapeshifter) (Depths:2)
  18 merfolk
  9 meliai
  9 trolls
  A red devil (Depths:3)
  A tengu simulacrum (Depths:3)
  A tyrant leech (shapeshifter) (Depths:1)
  4 hellwings
  3 polar bears
  A wolf spider simulacrum (D:15)
  6 wind drakes
  Grinder (D:4)
  17 tarantellas
  13 snapping turtles
  A raiju (shapeshifter) (Vaults:4)
  20 blink frogs
  A spectral elephant (Lair:5)
  8 dream sheep
  3 hornets
  22 jumping spiders
  18 slime creatures
  3 vampires
  13 culicivoras
  2 spriggan skeletons
  6 spriggans
  4 shadows
  12 water elementals
  5 wraiths (D:13)
  5 wyverns
  2 ynoxinuls
  6 basilisks
  2 starcursed masses (Abyss:3)
  53 yaks
  8 humans (D:14)
  24 redbacks
  A steam dragon (D:10)
  4 vampire mosquitoes
  3 wargs
  2 death yak simulacra (Lair:5)
  Edmund (D:4)
  24 water moccasins
  5 spatial vortices (WizLab)
  2 acid dragons (D:12)
  2 glowing shapeshifter skeletons
  A hydra simulacrum (IceCv)
  3 ettin simulacra (IceCv)
  2 ice beasts
  55 orc warriors
  4 sky beasts
  8 black bears
  2 alligator simulacra (IceCv)
  A large abomination (WizLab)
  6 ogres
  6 boggarts
  19 centaurs
  An elephant skeleton (Lair:5)
  8 wolves
  4 lemures (D:7)
  20 kobold brigands
  A phantom (D:6)
  10 bullfrogs
  An earth elemental (WizLab)
  A gnoll sergeant (D:7)
  A deep troll simulacrum (IceCv)
  5 water moccasin zombies (Ossuary)
  2 cane toad simulacra (Lair:5)
  5 scorpions
  An elf skeleton (D:6)
  21 killer bees
  An elephant simulacrum (Lair:5)
  6 howler monkeys
  8 electric eels
  6 hounds
  Crazy Yiuf (D:7)
  2 gnoll boudas
  19 orc priests
  4 jellies (D:6)
  Natasha (thrice) (D:2)
  5 human skeletons
  5 iguanas
  32 orc wizards
  Terence (D:3)
  2 sleepcaps
  10 hell rats
  2 killer bee simulacra (D:8)
  Robin (D:4)
  2 mummies (Ossuary)
  21 gnolls
  6 adders
  A shadow imp (D:8)
  5 white imps
  3 ufetubi
  7 adder zombies (Ossuary)
  A worm (D:4)
  3 dart slugs
  153 orcs
  8 bats
  8 endoplasms
  3 giant cockroaches
  22 goblins
  8 hobgoblins
  4 jackals (D:1)
  27 kobolds
  3 quokkas
  12 ball pythons
  4 frilled lizards
  2 gnoll zombies (Ossuary)
  6 hobgoblin zombies (Ossuary)
  5 kobold zombies (Ossuary)
  2 orc skeletons (D:6)
  4 orc zombies (Ossuary)
  8 rats
  A lurking horror (Abyss:3)
  4 spectral weapons
  2 starspawn tentacles
  2 tentacles (Shoals:4)
1948 creatures vanquished.

Vanquished Creatures (others)
  A shadow dragon (Depths:3)
  A draconian knight (Zot:1)
  A fire giant (Depths:3)
  A ghost moth (Spider:4)
  A spark wasp (Spider:4)
  A vampire mage (Depths:3)
  An ugly thing (Depths:1)
  A water elemental (Shoals:3)
  A human (D:14)
  84 spectral weapons
  8 starspawn tentacles
  2 tentacles (Shoals:4)
103 creatures vanquished.

Grand Total: 2051 creatures vanquished

Notes
Turn   | Place    | Note
-------+----------+-------------------------------------------
     0 | D:1      | RepHenryClay the Tengu Reaver began the quest for the Orb.
     0 | D:1      | Reached XP level 1. HP: 12/12 MP: 4/4
    68 | D:1      | Reached XP level 2. HP: 10/16 MP: 6/6
   333 | D:1      | Reached XP level 3. HP: 19/20 MP: 7/7
   867 | D:2      | Reached skill level 5 in Maces & Flails
   900 | D:2      | Found an ancient bone altar of Kikubaaqudgha.
   942 | D:2      | Noticed Natasha
   950 | D:2      | Killed Natasha
   951 | D:2      | Reached XP level 4. HP: 9/25 MP: 6/8
  1151 | D:2      | Found a faded altar of an unknown god.
  1211 | D:2      | Noticed Natasha
  1219 | D:2      | Killed Natasha
  1257 | D:2      | Noticed Natasha
  1266 | D:2      | Killed Natasha
  1267 | D:2      | Gained mutation: Your magical nature lets you fly swiftly
                  | and evasively. [Tengu growth]
  1267 | D:2      | Reached XP level 5. HP: 9/26 MP: 7/9
  1456 | D:2      | Learned a level 2 spell: Momentum Strike
  1811 | D:3      | Found a white marble altar of Elyvilon.
  1886 | D:3      | Noticed Terence
  1903 | D:3      | Killed Terence
  2059 | D:3      | Noticed a black bear
  2067 | D:3      | Killed a black bear
  2068 | D:3      | Reached XP level 6. HP: 20/35 MP: 10/10
  2593 | D:4      | Noticed Grinder
  2599 | D:4      | Paralysed by Grinder for 5 turns
  2609 | D:4      | Paralysed by Grinder for 2 turns
  2615 | D:4      | Gained mutation: You expend magic power (3 MP) to
                  | strengthen your wands. [potion of mutation]
  2615 | D:4      | Gained mutation: You are robust. (+10% HP) [potion of
                  | mutation]
  2615 | D:4      | Gained mutation: You have a somewhat thin skeletal
                  | structure. (Dex +2, Stealth+) [potion of mutation]
  2625 | D:4      | Killed Grinder
  2626 | D:4      | Reached XP level 7. HP: 13/44 MP: 9/11
  3077 | D:4      | Noticed Robin
  3087 | D:4      | Killed Robin
  3245 | D:4      | Noticed Edmund
  3263 | D:4      | Killed Edmund
  3484 | D:4      | Found a stormy altar of Qazlal.
  3556 | D:4      | Reached skill level 10 in Maces & Flails
  3830 | D:4      | Reached XP level 8. HP: 44/48 MP: 12/12
  4078 | D:5      | Entered Level 5 of the Dungeon
  4374 | D:5      | Found a hazy altar of Hepliaklqana.
  4554 | D:5      | Found an ancient bone altar of Kikubaaqudgha.
  4825 | D:6      | Found a sand-covered staircase.
  4833 | D:6      | Reached skill level 1 in Armour
  4835 | Ossuary  | Entered an ossuary
  4882 | Ossuary  | Reached XP level 9. HP: 44/53 MP: 13/13
  4934 | Ossuary  | Reached skill level 2 in Armour
  5209 | D:6      | Reached skill level 3 in Armour
  5593 | D:6      | Reached skill level 4 in Armour
  5785 | D:6      | Found an iron altar of Okawaru.
  5792 | D:6      | Became a worshipper of Warmaster Okawaru
  6052 | D:6      | Reached skill level 5 in Dodging
  6165 | D:7      | Noticed Pikel
  6214 | D:7      | Killed Pikel
  6215 | D:7      | Reached skill level 5 in Fighting
  6215 | D:7      | Reached skill level 5 in Armour
  6356 | D:7      | Reached XP level 10. HP: 45/64 MP: 14/14
  6475 | D:7      | Found a staircase to the Ecumenical Temple.
  6500 | D:7      | Found a radiant altar of Vehumet.
  6553 | D:7      | Reached * piety under Okawaru
  6894 | D:7      | Found a sacrificial altar of Ru.
  7206 | D:7      | Reached skill level 6 in Armour
  7463 | D:7      | Identified the +5 hand axe of the Lesser Evil {venom, rCorr
                  | Dex+4}
  7964 | D:7      | Found a runed translucent door.
  7965 | D:7      | Noticed Crazy Yiuf
  8286 | D:8      | Reached ** piety under Okawaru
  8360 | D:8      | Noticed a two-headed ogre
  8371 | D:8      | Killed a two-headed ogre
  8372 | D:8      | Reached skill level 7 in Armour
  8509 | D:8      | Reached *** piety under Okawaru
  8751 | D:8      | Found a staircase to the Lair.
  8751 | D:8      | Noticed Maurice
  8842 | D:7      | Reached XP level 11. HP: 73/73 MP: 15/15
  8882 | D:8      | Killed Maurice
  8888 | D:8      | Reached skill level 8 in Armour
  9265 | D:8      | HP: 3/74 [orc warrior/+1 hand axe of flaming (2)]
  9494 | D:8      | Found a basalt altar of Yredelemnul.
 10016 | D:8      | Reached **** piety under Okawaru
 10084 | D:9      | Found a transporter.
 10169 | D:9      | Found a flagged portal.
 10182 | Bailey   | Entered a bailey
 10189 | Bailey   | Learned a level 2 spell: Lesser Beckoning
 10270 | Bailey   | Reached skill level 1 in Translocations
 10730 | Bailey   | Noticed an orc knight
 10730 | Bailey   | Noticed an orc knight
 10745 | Bailey   | Killed an orc knight
 10749 | Bailey   | Killed an orc knight
 10749 | Bailey   | Received a gift from Okawaru
 10827 | Bailey   | Reached skill level 5 in Translocations
 10827 | Bailey   | Reached XP level 12. HP: 81/81 MP: 15/17
 11032 | D:9      | You are sucked into a shaft and drop 1 floor!
 11032 | D:10     | Entered Level 10 of the Dungeon
 11070 | D:10     | Noticed a fire dragon
 11269 | D:10     | Found a runed translucent door.
 11270 | D:10     | Found a burning altar of Makhleb.
 11292 | D:10     | Noticed a two-headed ogre
 11307 | D:10     | Killed a two-headed ogre
 11457 | D:10     | Found a broken altar of Ashenzari.
 11641 | D:10     | Reached ***** piety under Okawaru
 11784 | D:10     | Killed a fire dragon
 12198 | D:9      | Found a transporter.
 12264 | D:9      | Reached XP level 13. HP: 82/86 MP: 19/19
 12267 | D:9      | Reached skill level 9 in Armour
 12460 | D:9      | Found a transporter.
 12489 | D:9      | Found a transporter.
 12547 | Lair:1   | Entered Level 1 of the Lair of Beasts
 12895 | Lair:1   | Reached skill level 10 in Dodging
 12941 | Lair:1   | Identified the +2 kite shield of Limited Liability {Dex+2}
                  | (Okawaru gifted it to you on level 1 of the Lair of Beasts)
 12941 | Lair:1   | Received a gift from Okawaru
 13200 | Lair:1   | Reached skill level 10 in Armour
 14434 | Lair:2   | Found a staircase to the Shoals.
 14599 | Lair:2   | Upgraded the game from 0.31-a0-237-g2d982f9f85 to
                  | 0.31-a0-246-g8cbcc1cb85
 14665 | Lair:3   | Noticed Urug
 14683 | Lair:3   | Found a hole to the Spider Nest.
 14814 | Lair:3   | Reached skill level 10 in Fighting
 14962 | Lair:3   | Reached ****** piety under Okawaru
 15031 | Lair:3   | Found a gate leading to a gauntlet.
 15040 | Gauntlet | Entered a Gauntlet
 15040 | Gauntlet | Found a transporter.
 15066 | Gauntlet | Found a transporter.
 15076 | Gauntlet | Found a transporter.
 15078 | Gauntlet | Found a large runed translucent door.
 15078 | Gauntlet | Found a large runed translucent door.
 15079 | Gauntlet | Found a large runed translucent door.
 15079 | Gauntlet | Found a large runed translucent door.
 15080 | Gauntlet | Found a large runed translucent door.
 15080 | Gauntlet | Found a large runed translucent door.
 15080 | Gauntlet | Found a runed translucent door.
 15080 | Gauntlet | Found a runed translucent door.
 15080 | Gauntlet | Found a large runed translucent door.
 15081 | Gauntlet | Found a transporter.
 15100 | Gauntlet | Found a transporter.
 15111 | Gauntlet | Found a large runed translucent door.
 15112 | Gauntlet | Found a large runed translucent door.
 15113 | Gauntlet | Found a large runed translucent door.
 15113 | Gauntlet | Found a large runed translucent door.
 15114 | Gauntlet | Found a runed translucent gate.
 15115 | Gauntlet | Found a transporter.
 15115 | Gauntlet | Found a runed translucent gate.
 15116 | Gauntlet | Found a runed translucent gate.
 15117 | Gauntlet | Found a large runed translucent door.
 15117 | Gauntlet | Found a large runed translucent door.
 15118 | Gauntlet | Found a large runed translucent door.
 15118 | Gauntlet | Noticed an entropy weaver
 15119 | Gauntlet | Found a large runed translucent door.
 15127 | Gauntlet | Found a transporter.
 15139 | Gauntlet | Found a transporter.
 15140 | Gauntlet | Noticed a green death
 15151 | Gauntlet | Found a transporter.
 15157 | Gauntlet | Found a transporter.
 15157 | Gauntlet | Found a transporter.
 15169 | Gauntlet | Found a transporter.
 15191 | Gauntlet | Found a transporter.
 15208 | Gauntlet | Found a transporter.
 15236 | Gauntlet | Found a transporter.
 15236 | Gauntlet | Found a transporter.
 15254 | Gauntlet | Found the +2 cloak of the Thief {*Fog Slay-2 SInv Stlth+}
 15256 | Gauntlet | Found a transporter.
 15330 | Gauntlet | Found a large runed translucent door.
 15334 | Gauntlet | Found a transporter.
 15500 | Gauntlet | Noticed an ironbound thunderhulk
 15500 | Gauntlet | Noticed an ironbound thunderhulk
 15502 | Gauntlet | Noticed a purple very ugly thing
 15508 | Gauntlet | Reached XP level 14. HP: 96/96 MP: 20/20
 15533 | Gauntlet | Identified the amulet "Atufren" {Regen+ Str+4}
 15638 | Gauntlet | Reached skill level 11 in Armour
 15676 | Gauntlet | Identified the ring of Gyx Zics {rElec Will+ Str-5 Int-5
                  | SInv}
 16004 | Lair:3   | Killed Urug
 16396 | Lair:4   | Received a gift from Okawaru
 16917 | Lair:4   | Found a viscous altar of Jiyva.
 17234 | Lair:5   | Entered Level 5 of the Lair of Beasts
 17327 | Lair:5   | Got the Discourse on the Contaminated Plateau
 17343 | Lair:5   | Learned a level 2 spell: Blink
 17750 | Lair:5   | Received a gift from Okawaru
 17926 | Lair:5   | Noticed a dire elephant
 17926 | Lair:5   | Noticed a dire elephant
 17928 | Lair:5   | Noticed a dire elephant
 18004 | Lair:5   | Reached skill level 15 in Maces & Flails
 18095 | Lair:5   | Noticed a dire elephant
 18097 | Lair:5   | Noticed a dire elephant
 18102 | Lair:5   | Noticed a dire elephant
 18110 | Lair:5   | Killed a dire elephant
 18172 | Lair:5   | Killed a dire elephant
 18204 | Lair:5   | Killed a dire elephant
 18319 | Lair:5   | Received a gift from Okawaru
 18360 | Lair:5   | Identified the +2 robe of the Sailor {rF+} (Okawaru gifted
                  | it to you on level 5 of the Lair of Beasts)
 18360 | Lair:5   | Received a gift from Okawaru
 18410 | Lair:5   | Reached XP level 15. HP: 98/102 MP: 21/21
 18829 | Lair:5   | Identified a scroll of acquirement
 18830 | Lair:5   | Acquired the +0 hat "Rexoca" {rPois rF+ Slay+2}
 19070 | D:11     | Found a shimmering altar of Xom.
 20204 | D:12     | Reached skill level 12 in Armour
 20324 | D:12     | Found a staircase to the Orcish Mines.
 20702 | D:12     | Received a gift from Okawaru
 21215 | D:13     | Found Reissoad's Jewellery Emporium.
 21301 | D:13     | Reached skill level 13 in Armour
 21499 | D:13     | Noticed Josephine
 21510 | D:13     | Killed Josephine
 21546 | D:13     | Noticed Nessos
 21559 | D:13     | Killed Nessos
 21678 | D:14     | Noticed Snorg
 21699 | D:13     | Killed Snorg
 21786 | D:14     | Reached skill level 14 in Armour
 22423 | D:14     | Reached XP level 16. HP: 110/110 MP: 22/22
 22548 | D:14     | Reached skill level 15 in Armour
 22708 | D:14     | Received a gift from Okawaru
 22761 | D:14     | Found a gate to the Vaults.
 22843 | D:15     | Entered Level 15 of the Dungeon
 22979 | D:15     | Found an iron altar of Okawaru.
 23069 | D:15     | Identified the +5 morningstar "Tengu's Doom" {freeze, rElec
                  | rF+ MP+9}
 23179 | D:15     | Reached skill level 16 in Armour
 23740 | D:15     | Identified the +0 acid dragon scales of Hubris {rF+ rCorr}
                  | (Okawaru gifted it to you on level 15 of the Dungeon)
 23740 | D:15     | Received a gift from Okawaru
 23767 | D:15     | Reached skill level 17 in Armour
 23843 | D:15     | Reached skill level 1 in Shields
 24206 | D:15     | Found a staircase to the Depths.
 24363 | Orc:1    | Entered Level 1 of the Orcish Mines
 24693 | Orc:2    | Entered Level 2 of the Orcish Mines
 24799 | Orc:2    | Found a staircase to the Elven Halls.
 24903 | Orc:1    | You are sucked into a shaft and drop 1 floor!
 25115 | Orc:1    | Found Ahozxu's Antique Armour Shop.
 25123 | Orc:1    | Bought a runed cloak for 157 gold pieces
 25123 | Orc:1    | Bought a glimmering buckler for 199 gold pieces
 25123 | Orc:1    | Identified the +3 buckler "Ibraj" {*Corrode rC+++ Str+3
                  | Dex-4} (You bought it in a shop on level 1 of the Orcish
                  | Mines)
 25377 | Orc:2    | Reached skill level 5 in Shields
 25574 | Orc:2    | Noticed Erolcha
 25605 | Orc:2    | Killed Erolcha
 25864 | Orc:2    | Found Ymot's Weapon Shoppe.
 25941 | Orc:2    | Noticed Sonja
 25942 | Orc:2    | Found Yphuj's General Store.
 25953 | Orc:2    | Killed Sonja
 26021 | Orc:2    | Bought a scroll of enchant weapon for 105 gold pieces
 26118 | Orc:2    | Found Qetino's Antique Weapon Boutique.
 26119 | Orc:2    | Found Utzeuzis's Antique Armour Shop.
 26132 | Orc:2    | Bought a smoking morningstar for 333 gold pieces
 26132 | Orc:2    | Identified the +9 morningstar "Zuussiku" {flame, *Rage
                  | rElec rC+} (You bought it in a shop on level 2 of the
                  | Orcish Mines)
 26320 | Spider:1 | Entered Level 1 of the Spider Nest
 26466 | Spider:1 | Received a gift from Okawaru
 26499 | Spider:1 | Noticed Nikola
 26517 | Spider:1 | Killed Nikola
 26610 | Spider:1 | Reached XP level 17. HP: 116/116 MP: 23/23
 28886 | Spider:3 | Noticed Agnes
 28887 | Spider:3 | Noticed Arachne
 28916 | Spider:3 | Killed Arachne
 29064 | Spider:3 | Found a transporter.
 29071 | Spider:3 | Killed Agnes
 29072 | Spider:3 | Found a transporter.
 29089 | Spider:3 | Received a gift from Okawaru
 29116 | Spider:3 | Noticed Louise
 29134 | Spider:3 | Reached skill level 18 in Armour
 29512 | Spider:3 | Killed Louise
 29591 | Spider:4 | Entered Level 4 of the Spider Nest
 29774 | Spider:4 | Found a frozen archway.
 29808 | IceCv    | Entered an ice cave
 30057 | IceCv    | Noticed an Ice Fiend
 30067 | IceCv    | Killed an Ice Fiend
 30696 | Spider:4 | Reached XP level 18. HP: 115/126 MP: 2/24
 31041 | Spider:4 | Identified the +2 robe of the Shining Light {rCorr}
                  | (Okawaru gifted it to you on level 4 of the Spider Nest)
 31041 | Spider:4 | Received a gift from Okawaru
 31413 | Spider:4 | Identified the orb of Ecwalaf {guile, rF+ Int+2 Dex+3}
 31420 | Spider:4 | Got a gossamer rune of Zot
 31923 | Shoals:1 | Entered Level 1 of the Shoals
 32317 | Shoals:1 | Identified the +0 chain mail of Cowardice {rElec rC+ Int-2}
 32626 | Shoals:1 | Noticed Jorgrun
 32637 | Shoals:1 | Killed Jorgrun
 32755 | Shoals:2 | Reached skill level 15 in Dodging
 32758 | Shoals:2 | Reached skill level 19 in Armour
 34404 | Shoals:4 | Entered Level 4 of the Shoals
 34404 | Shoals:4 | Noticed Polyphemus
 34407 | Shoals:4 | Noticed Ilsuiw
 34414 | Shoals:3 | Killed Polyphemus
 34548 | Shoals:3 | Killed Ilsuiw
 34572 | Shoals:3 | Received a gift from Okawaru
 35085 | Shoals:4 | Reached XP level 19. HP: 135/135 MP: 22/25
 35739 | Shoals:4 | Identified the +1 pair of gloves of the Thinker {Str+2}
                  | (Okawaru gifted it to you on level 4 of the Shoals)
 35739 | Shoals:4 | Received a gift from Okawaru
 35927 | Shoals:4 | Got a barnacled rune of Zot
 36252 | Vaults:1 | Entered Level 1 of the Vaults
 36347 | Vaults:1 | Reached skill level 20 in Armour
 36500 | Vaults:1 | Found Kass's General Store.
 36828 | Vaults:1 | Found Hiab's Distillery.
 36845 | Vaults:1 | Bought a potion of curing for 30 gold pieces
 36845 | Vaults:1 | Bought a potion of haste for 100 gold pieces
 37146 | Vaults:1 | Found Olebby's Assorted Antiques.
 37154 | Vaults:1 | Bought a coiled copper ring for 200 gold pieces
 37154 | Vaults:1 | Identified the ring of Qusev {MP+9 Dex+7 SInv} (You bought
                  | it in a shop on level 1 of the Vaults)
 37206 | Vaults:1 | Identified the +4 ring mail "Keqef" {Will+}
 37293 | Vaults:1 | Reached skill level 21 in Armour
 37549 | Vaults:1 | Found Zyrhun's General Store.
 37611 | Vaults:1 | Bought a scroll of acquirement for 2080 gold pieces
 37611 | Vaults:1 | Acquired 1069 gold pieces
 37657 | Vaults:2 | Identified the +0 broad axe "Aphegh" {flame, Fragile rF+
                  | Str+5 Stlth-}
 37781 | Vaults:2 | Received a gift from Okawaru
 38029 | Vaults:2 | Reached skill level 22 in Armour
 38058 | Vaults:2 | Found a magical portal.
 38067 | WizLab   | Entered The Roulette of Golubria
 38067 | WizLab   | Found a transporter.
 38070 | WizLab   | Found a corrupted altar of Lugonu.
 38110 | WizLab   | Found a corrupted altar of Lugonu.
 38110 | WizLab   | Found a transporter.
 38154 | WizLab   | Found a transporter.
 38196 | WizLab   | Found a transporter.
 38204 | WizLab   | Found the +1 cloak of Starlight {*Dazzle EV+4 Stlth--}
 38236 | WizLab   | Found a transporter.
 38260 | WizLab   | Found a transporter.
 38305 | WizLab   | Found a corrupted altar of Lugonu.
 38315 | WizLab   | Found a transporter.
 38352 | WizLab   | Found a transporter.
 38393 | WizLab   | Found a transporter.
 38494 | WizLab   | Found a transporter.
 38556 | WizLab   | Found a transporter.
 38556 | WizLab   | Found a transporter.
 38570 | WizLab   | Reached XP level 20. HP: 138/140 MP: 26/26
 38680 | WizLab   | Found a transporter.
 38680 | WizLab   | Found a transporter.
 38714 | WizLab   | Found a transporter.
 38714 | WizLab   | Found a transporter.
 38824 | WizLab   | Got the Directory of Orientation
 38890 | WizLab   | Found a transporter.
 38890 | WizLab   | Found a transporter.
 38938 | WizLab   | Found a transporter.
 38938 | WizLab   | Found a transporter.
 38950 | WizLab   | Received a gift from Okawaru
 38995 | WizLab   | Identified the +2 cloak of Filth {+Inv, Rampage MP+9 Slay+3
                  | Stlth-}
 39563 | Vaults:2 | Reached skill level 23 in Armour
 39814 | Vaults:2 | Identified the +14 plate armour of the Ban {+Inv Fly Int-5
                  | Dex+3} (Okawaru gifted it to you on level 2 of the Vaults)
 39814 | Vaults:2 | Received a gift from Okawaru
 40011 | Vaults:3 | Learned a level 4 spell: Manifold Assault
 40015 | Vaults:3 | Learned a level 3 spell: Vhi's Electric Charge
 40055 | Vaults:3 | Reached skill level 1 in Air Magic
 40232 | Vaults:3 | Reached skill level 5 in Air Magic
 40530 | Vaults:3 | Found Cusirch's Antique Armour Emporium.
 40658 | Vaults:3 | Found Roximait's Book Emporium.
 40671 | Vaults:3 | Bought a book of Air for 484 gold pieces
 40749 | Vaults:3 | Found a staircase to the Crypt.
 40749 | Vaults:3 | Found an ancient bone altar of Kikubaaqudgha.
 40750 | Vaults:3 | Found a basalt altar of Yredelemnul.
 40934 | Vaults:3 | Found Tusm's Antique Weapon Emporium.
 41020 | Vaults:3 | Found a runed translucent door.
 41020 | Vaults:3 | Noticed Pileu's ghost (adept DsFE)
 41118 | Vaults:3 | Found Bevissuo's Book Shoppe.
 41132 | Vaults:3 | Bought a book of Vapours for 364 gold pieces
 41132 | Vaults:3 | Bought a book of Weapons for 364 gold pieces
 41137 | Vaults:3 | Learned a level 4 spell: Iskenderun's Mystic Blast
 41143 | Vaults:3 | Learned a level 5 spell: Freezing Cloud
 41555 | Vaults:4 | Found Qecaeng's Book Boutique.
 41788 | Vaults:4 | Reached skill level 5 in Spellcasting
 41799 | Vaults:4 | Noticed Aizul
 41811 | Vaults:4 | Reached XP level 21. HP: 56/146 MP: 14/32
 41817 | Vaults:4 | Killed Aizul
 42020 | Vaults:4 | Found Virutome's Antique Weapon Boutique.
 42032 | Vaults:4 | Reached skill level 10 in Air Magic
 42209 | Vaults:4 | Reached XP level 22. HP: 147/152 MP: 33/33
 43053 | Vaults:4 | Reached skill level 5 in Conjurations
 43321 | Depths:1 | Entered Level 1 of the Depths
 43321 | Depths:1 | Noticed Sojobo
 43326 | Depths:1 | Paralysed by an air elemental for 1 turns
 43393 | D:15     | Received a gift from Okawaru
 43455 | Depths:1 | Paralysed by an air elemental for 1 turns
 43486 | D:15     | Paralysed by an air elemental for 1 turns
 43491 | D:15     | Paralysed by an air elemental for 1 turns
 43548 | D:14     | Killed Sojobo
 43872 | Depths:1 | Reached skill level 10 in Conjurations
 43973 | Depths:1 | Found Baekhun's Demolitions Depot.
 43997 | Depths:1 | Reached skill level 15 in Fighting
 44297 | Depths:1 | Found a one-way gateway to a ziggurat.
 44306 | Depths:1 | Reached skill level 1 in Ice Magic
 44566 | Depths:1 | Found a gateway to Hell.
 44585 | Depths:1 | Received a gift from Okawaru
 44798 | Depths:1 | Found a one-way gate leading to the halls of Pandemonium.
 44815 | Depths:1 | Reached skill level 5 in Ice Magic
 45427 | Depths:2 | Found a one-way gate to the infinite horrors of the Abyss.
 45490 | Depths:2 | Found a runed translucent door.
 45559 | Depths:2 | Reached XP level 23. HP: 152/158 MP: 34/34
 45880 | Depths:2 | Identified the +0 pair of gloves "Loriergh" {*Corrode rC-
                  | Int+3 Dex+6} (Okawaru gifted it to you on level 2 of the
                  | Depths)
 45880 | Depths:2 | Received a gift from Okawaru
 46437 | Depths:3 | Noticed Frederick
 46465 | Depths:3 | Killed Frederick
 46655 | Depths:2 | Reached skill level 15 in Conjurations
 46732 | Depths:3 | Noticed a caustic shrike
 46739 | Depths:3 | Killed a caustic shrike
 46768 | Depths:3 | Noticed a juggernaut
 46781 | Depths:3 | Killed a juggernaut
 47018 | Depths:3 | Noticed a golden dragon
 47026 | Depths:3 | Killed a golden dragon
 47128 | Depths:3 | Found a sparkling altar of Nemelex Xobeh.
 47162 | Depths:3 | Noticed a golden dragon
 47193 | Depths:3 | Killed a golden dragon
 47277 | Depths:3 | Found a runed translucent gate.
 47277 | Depths:3 | Found a runed translucent gate.
 47277 | Depths:3 | Found a runed translucent gate.
 47277 | Depths:3 | Noticed Miownoin's ghost (master GrFi)
 48026 | Vaults:3 | Killed Pileu's ghost
 48026 | Vaults:3 | Received a gift from Okawaru
 48026 | Vaults:3 | Found the +15 Maxwell's patent armour {-Cast -Tele rElec
                  | Will+ rCorr}
 48035 | Vaults:3 | Identified the +9 hand axe "Newt's Funeral" {freeze, rC+}
 48198 | Vaults:1 | Bought the +3 crown of Dyrovepreva {rElec Int+2 SInv} for
                  | 496 gold pieces
 48198 | Vaults:1 | Found the +3 crown of Dyrovepreva {rElec Int+2 SInv}
 48409 | Depths:4 | Entered Level 4 of the Depths
 48441 | Depths:4 | Noticed a juggernaut
 48451 | Depths:4 | Killed a juggernaut
 48834 | Depths:4 | Acquired 1160 gold pieces
 48836 | Depths:4 | Reached XP level 24. HP: 169/169 MP: 34/34
 49019 | Depths:4 | Noticed a caustic shrike
 49020 | Depths:4 | Found a shimmering blue altar of Sif Muna.
 49026 | Depths:4 | Killed a caustic shrike
 49060 | Depths:4 | Reached XP level 25. HP: 176/176 MP: 34/34
 49078 | Depths:4 | Got the Compilation of Pyromancy
 49098 | Depths:4 | Found Tepucae's Assorted Antiques.
 49318 | Depths:4 | Found a gate to the Realm of Zot.
 49713 | Depths:4 | Upgraded the game from 0.31-a0-246-g8cbcc1cb85 to
                  | 0.31-a0-263-ge8cad7f256
 49752 | Depths:4 | Voluntarily entered the Abyss.
 49765 | Abyss:1  | Found a corrupted altar of Lugonu.
 49889 | Abyss:3  | Paralysed by you for 3 turns
 49949 | Abyss:3  | Got an abyssal rune of Zot
 50077 | Depths:4 | Escaped the Abyss
 50097 | Zot:1    | Entered Level 1 of the Realm of Zot
 50159 | Zot:1    | Identified the +0 robe of Mikoeli {Int+3} (Okawaru gifted
                  | it to you on level 1 of the Realm of Zot)
 50159 | Zot:1    | Received a gift from Okawaru
 51158 | Zot:1    | Found the +4 dragonskin cloak
 51158 | Zot:1    | Noticed Tiamat
 51276 | Zot:1    | Killed Tiamat
 51942 | Zot:2    | Noticed a Killer Klown
 51988 | Zot:2    | Killed a Killer Klown
 52163 | Zot:2    | Noticed an orb of fire
 52188 | Zot:2    | Gained mutation: You are weak. (Str -2) [an orb of fire]
 52197 | Zot:1    | Killed an orb of fire
 52197 | Zot:1    | Received a gift from Okawaru
 53393 | Depths:2 | Killed Miownoin's ghost
 53583 | Depths:3 | Identified the +10 dagger "Wostawett" {heavy, Str+5}
 53783 | Vaults:1 | Bought a pair of runed gloves for 300 gold pieces
 53783 | Vaults:1 | Bought a potion of heal wounds for 200 gold pieces
 54281 | Zot:1    | HP: 5/181 [green draconian monk (31)]
 54445 | Zot:1    | Reached XP level 26. HP: 189/189 MP: 34/34
 55391 | Zot:2    | Received a gift from Okawaru
 56126 | Zot:3    | You are sucked into a shaft and drop 1 floor!
 56175 | Zot:3    | Reached skill level 10 in Invocations
 56279 | Zot:3    | Noticed an orb of fire
 56301 | Zot:3    | HP: 1/189 [orb of fire (11)]
 56308 | Zot:3    | Killed an orb of fire
 56329 | Zot:3    | Upgraded the game from 0.31-a0-263-ge8cad7f256 to
                  | 0.31-a0-271-gb88eb75e06
 57073 | Zot:4    | Noticed a Killer Klown
 57084 | Zot:4    | Killed a Killer Klown
 57318 | Zot:4    | Acquired the +2 ratskin cloak {*Rats rPois rN+ Str-1 Int-1
                  | Dex+1}
 57318 | Zot:4    | Found the +2 ratskin cloak {*Rats rPois rN+ Str-1 Int-1
                  | Dex+1}
 57381 | Zot:4    | Received a gift from Okawaru
 57598 | Zot:5    | Entered Level 5 of the Realm of Zot
 58042 | D:7      | Killed Crazy Yiuf
 58400 | Vaults:5 | Entered Level 5 of the Vaults
 58406 | Vaults:5 | Noticed an ancient lich
 58423 | Vaults:5 | Killed an ancient lich
 58453 | Vaults:5 | HP: 7/190 [sphinx/divine providence (15)]
 58469 | Vaults:5 | HP: 4/190 [vault guard/+0 bardiche (20)]
 58492 | Vaults:5 | Noticed Jory
 58531 | Vaults:5 | Annihilated by a titan

Illustrated notes

Levels and vault maps discovered:
D:1:      erik_arrival_cave_to_civilisation [erik_arrival_cave_to_hall],
          layout_loops_ring
D:2:      layout_loops_ring, basic_altar, nicolae_ecumenical_lake_church,
          uniq_natasha
D:3:      layout_basic, elyvilon_altar_3, uniq_terence
D:4:      minmay_chambers_of_twos, layout_basic, grunt_qazlal_clouds,
          minmay_diced_spiral, uniq_edmund, uniq_robin, uniq_grinder
D:5:      layout_rooms, mainiacjoe_overflow_chevrons, kiku_gazebo_garden_becter,
          abandoned_shop
D:6:      layout_loops_ring, marbit_many_paths, nicolae_ossuary_entry_catacombs,
          minmay_starry_boxes
D:7:      minmay_clustersquares, layout_layer_cave, vehumet_altar_wand_db,
          nicolae_ru_awakened_eye, minmay_temple_entry_antechambers,
          lightli_minifort, uniq_pikel, uniq_crazy_yiuf_cottage
D:8:      layout_basic, kennysheep_mini, due_lair_maze_entry_diamond,
          serial_ice, serial_ice_l, serial_ice_d, serial_ice_b, serial_ice_c,
          special_room [special_room_orc], uniq_maurice
D:9:      layout_roguey [special_room_kobold], enter_bailey_3,
          nicolae_diode_intersection
D:10:     layout_loops_ring, nzn_makhleb_speed_demon,
          mainiacjoe_overflow_brackets, kennysheep_island_fort
D:11:     layout_loops_cross, dreamdust_wishing_well, minmay_misc_feat_rows,
          xom_teletrap_fun
D:12:     wad_woods_structure_01, layout_cave_pools
D:13:     layout_basic, serial_shops, shop, uniq_nessos, uniq_josephine
D:14:     layout_basic, ximxim_vaults_locker_room, serial_bayou_lagoon_a,
          uniq_snorg
D:15:     hangedman_depths_entry_civil_slaughter, layout_basic,
          hangedman_decor_points, grunt_decor_one_mirror,
          okawaru_ov_weapons_minmay
Lair:1:   layout_roguey, wad_woods_02, grunt_megastairs_2
Lair:2:   layout_cave_pods, minmay_shoals_entry_lonely_mermaid,
          grunt_megastairs_4
Lair:3:   layout_cave_pods, spider_nest_entry_funnel_web,
          gauntlet_entry_generic, serial_bayou_shore_b, uniq_urug
Lair:4:   layout_gridlike, minmay_slime_entry_oklob_enclosed,
          serial_bayou_shore_a
Lair:5:   due_jungle_book, layout_concentric_octagons
Shoals:1: layout_shoals, yaktaur_hedge, uniq_jorgrun
Shoals:2: layout_shoals
Shoals:3: layout_shoals, nicolae_shoals_the_drawing_of_the_three
Shoals:4: shoals_end_grunt_ice, layout_shoals, shoals_ilsuiw_ice,
          uniq_polyphemus
Spider:1: layout_chambers, uniq_nikola
Spider:2: layout_spider_delve
Spider:3: gammafunk_boulding_lane, uniq_arachne, uniq_agnes, uniq_louise
Spider:4: grunt_spider_rune_island, portal_ice_cave_entry_frozen_things
Orc:1:    layout_diamond_mine, serial_shops, nicolae_shop_waterfront
Orc:2:    grunt_orc_community_town_hall, layout_diamond_mine,
          grunt_orc_community_big_house_1, grunt_orc_community_big_house_2,
          grunt_orc_community_house_1, grunt_orc_community_house_2,
          grunt_orc_community_house_3, grunt_orc_community_house_2, basic_altar,
          uniq_erolcha, uniq_sonja
Vaults:1: nicolae_vaults_swerve, v_pattern_2, vaults_dpeg_encased_lava,
          nicolae_vaults_shipping_containers_2, v_rooms_3, v_misc_17,
          nicolae_vaults_more_shelving_2, hangedman_vaults_maws,
          nicolae_vaults_asterisk, grunt_vaults_funnel, ontoclasm_vaults_twist,
          layout_vaults_big_room, serial_shops, nicolae_shop_industrial_runoff,
          shop, shop, nicolae_shop_temple_entry_statues_fountains
Vaults:2: mu_enter_wizlab_5, nicolae_vaults_disjoint_gnomons, v_misc_26,
          nicolae_vaults_shelves_hall, nicolae_vaults_an_arrangement,
          nicolae_vaults_trapezoid_lopsided_1, hangedman_vaults_variations,
          nicolae_vaults_tetromino_T_2, v_alt_pattern_4,
          nicolae_vaults_storage_closets_1, ontoclasm_vaults_spin,
          vaults_room_fancy_cross, hangedman_vaults_slice, layout_vaults_omnibox
Vaults:3: ebering_ghost_inner_flame, vaults_mumra_chevron, vaults_room_corners,
          nicolae_vaults_trapezoid_lopsided_3, minmay_crypt_entry_necro_gods,
          ontoclasm_vaults_ring_small, v_misc_29,
          nicolae_vaults_closet_pinwheel_4, hangedman_vaults_capsules,
          layout_vaults_quadrants, serial_shops, shop,
          nicolae_shop_real_fake_doors, nicolae_shop_mannequins,
          nicolae_shop_tiny_statue_garden
Vaults:4: vaults_dpeg_ring, ontoclasm_vaults_shout, vaults_room_corners,
          vaults_room_mumra_shop_pool, nicolae_vaults_sesquioval_fish,
          nicolae_vaults_heist, v_misc_26, nicolae_vaults_tetromino_L_1,
          nicolae_vaults_storage_room_water, nicolae_vaults_apartment_1,
          v_misc_5, layout_vaults_ring, serial_shops,
          nicolae_shop_tiny_waterfront, uniq_aizul
Vaults:5: uniq_jory
Depths:1: layout_small_grid, enter_ziggurat_b, pf_vacation_house_of_asmodeus,
          rand_demon_pan_entry_1, chequers_serial_rivers_micro_b,
          nicolae_blasting_shop, minivault_22, kennysheep_generic_room_11,
          kennysheep_random_hallway, uniq_sojobo
Depths:2: minmay_angry_zag, layout_basic, grunt_hell_entry_dis_mu,
          infiniplex_staircase_hallway_doors, grunt_pan_entry_spiral,
          abyss_entry, minmay_acid_items
Depths:3: evilmike_pillar_path, layout_cave_pools,
          biasface_ghost_demon_polymorph, minmay_misc_feat_pillars,
          marbit_kobold_abyss_entry, grunt_metal_band, pan_entry,
          nemelex_xobeh_ov_fountains_minmay, minmay_staircase_statues,
          uniq_frederick
Depths:4: evilmike_zot_entry_argh, layout_cave_shapes,
          hangedman_tar_grid_catacomb, pan_entry, serial_shops,
          nicolae_shop_advertising_works [nicolae_subvault_shop_adworks],
          abyss_entry_small_statue_room, st_stairs_12, argonaut_fire_from_heaven
Zot:1:    layout_gridville, bh_zot_levy_curve, uniq_tiamat
Zot:2:    layout_gridlike, grunt_megastairs_5
Zot:3:    layout_cellular_growth, grunt_megastairs_3
Zot:4:    layout_misc_corridors
Zot:5:    layout_misc_corridors

Skill      XL: |  1  2  3  4  5  6  7  8  9 10 11 12 13 14 15 16 17 18 19 20 21 22 23 24 25 26 |
---------------+-------------------------------------------------------------------------------+-----
Maces & Flails | 4 5 6 7 8 10 12 16 | 16.3
Armour         | 1 5 7 8 10 11 14 17 18 19 22 23 | 23.3
Dodging        | 5 8 9 11 12 14 16 17 18 20 21 | 21.4
Fighting       | 5 7 8 10 11 13 14 15 16 19 | 19.9
Translocations | 5 6 7 8 9 |  9.5
Invocations    | 6 7 8 10 | 10.0
Shields        | 6 |  6.9
Air Magic      | 8 10 12 | 12.1
Spellcasting   | 7 |  7.1
Conjurations   | 11 15 | 15.8
Ice Magic      | 7 |  7.0

Action                     |  1- 3 |  4- 6 |  7- 9 | 10-12 | 13-15 | 16-18 | 19-21 | 22-24 | 25-27 || total
---------------------------+-------+-------+-------+-------+-------+-------+-------+-------+-------++-------
  Melee: Mace              |    97 |    34 |       |       |       |       |       |       |       ||   131
         Peck              |    12 |    18 |   102 |   123 |   456 |   495 |   298 |   393 |   399 ||  2296
         Punch             |     1 |     2 |     1 |     3 |    14 |     4 |       |       |       ||    25
         Kick              |    19 |    24 |   161 |   201 |   724 |   754 |   468 |   571 |   582 ||  3504
         Dagger            |       |    49 |    42 |       |       |       |       |       |       ||    91
         Flail             |       |     4 |    18 |       |       |       |       |       |       ||    22
         Dire flail        |       |       |   400 |   276 |   275 |   148 |       |       |       ||  1099
         Hand axe          |       |       |       |   278 |   503 |    22 |       |       |       ||   803
         Quarterstaff      |       |       |       |       |   573 |       |       |       |       ||   573
         Morningstar       |       |       |       |       |       |   961 |       |    25 |       ||   986
         Eveningstar       |       |       |       |       |       |   462 |   864 |   988 |   982 ||  3296
   Cast: Kiss of Death     |     3 |     2 |       |       |       |       |       |       |       ||     5
         Momentum Strike   |       |     1 |     1 |     3 |     5 |     1 |       |       |     1 ||    12
         Lesser Beckoning  |       |       |       |     3 |       |    24 |     4 |     3 |    12 ||    46
         Blink             |       |       |       |       |     1 |     1 |       |     2 |     5 ||     9
         Manifold Assault  |       |       |       |       |       |       |    27 |    12 |     1 ||    40
         Vhi's Electric Ch |       |       |       |       |       |       |     8 |    26 |    29 ||    63
         Iskenderun's Myst |       |       |       |       |       |       |       |     4 |     1 ||     5
         Freezing Cloud    |       |       |       |       |       |       |       |     9 |    27 ||    36
 Invoke: Heroism           |       |       |       |     5 |     7 |    10 |       |     3 |     9 ||    34
         Finesse           |       |       |       |       |       |       |       |       |     2 ||     2
  Evoke: Wand              |       |       |     1 |     4 |       |     2 |       |     2 |     9 ||    18
         Condenser vane    |       |       |       |     2 |     2 |     1 |       |       |       ||     5
         Lightning rod     |       |       |       |     4 |     3 |     4 |       |       |       ||    11
    Use: Potion            |       |     6 |       |     4 |     5 |     5 |     1 |     1 |    15 ||    37
         Scroll            |       |       |     8 |    10 |    12 |    17 |     3 |     6 |    16 ||    72
   Stab: Sleeping          |     1 |     1 |     9 |     8 |    15 |     1 |     1 |       |       ||    36
         Distracted        |       |       |     2 |     1 |     9 |    14 |    22 |    36 |    25 ||   109
         Confused          |       |       |       |     3 |     3 |     2 |       |       |       ||     8
 Armour: Leather armour    |    38 |    24 |    76 |    62 |       |       |       |       |       ||   200
         Skin              |       |     1 |       |       |       |       |       |       |       ||     1
         Troll leather arm |       |       |       |    13 |   138 |       |       |       |       ||   151
         Pearl dragon scal |       |       |       |       |   103 |   462 |   159 |   299 |   273 ||  1296
         Acid dragon scale |       |       |       |       |     3 |       |       |       |       ||     3
  Dodge: Dodged            |    55 |    54 |   269 |   614 |  1391 |  1302 |   549 |   696 |   801 ||  5731
  Block: Buckler           |       |       |       |       |       |   644 |   303 |   356 |   330 ||  1633

Table legend: (Time is in decaauts)
 A = Elapsed time spent in this place.
 B = Non-inter-level travel time spent in this place.
 C = Inter-level travel time spent in this place.
 D = Time resting spent in this place.
 E = Time spent auto-exploring this place.
 F = Levels seen in this place.
 G = Mean time per level.
                   A        B        C        D        E       F      G
               +--------+--------+--------+--------+--------+-----+--------+
         Total |  53333 |  48675 |   4658 |   4749 |  31241 |  52 | 1025.6 |
       Dungeon |  17097 |  15500 |   1597 |   1739 |  10114 |  15 | 1139.8 |
          Lair |   5221 |   4859 |    362 |    163 |   3118 |   5 | 1044.2 |
        Shoals |   3713 |   3572 |    141 |    316 |   2446 |   4 |  928.2 |
   Spider Nest |   4626 |   4212 |    414 |    289 |   2988 |   4 | 1156.5 |
  Orcish Mines |   1609 |   1505 |    104 |      0 |   1081 |   2 |  804.5 |
        Vaults |   6065 |   4955 |   1110 |    112 |   3588 |   5 | 1213.0 |
        Depths |   6388 |   5785 |    603 |   1150 |   3113 |   4 | 1597.0 |
           Zot |   5489 |   5165 |    324 |    613 |   3252 |   5 | 1097.8 |
         Abyss |    289 |    289 |      0 |    117 |     37 |   3 |   96.3 |
       Ossuary |    210 |    210 |      0 |      0 |    116 |   1 |  210.0 |
        Bailey |    599 |    599 |      0 |    186 |    260 |   1 |  599.0 |
      Ice Cave |    420 |    420 |      0 |      0 |    223 |   1 |  420.0 |
        Wizlab |    956 |    956 |      0 |      0 |    587 |   1 |  956.0 |
      Gauntlet |    646 |    646 |      0 |     59 |    313 |   1 |  646.0 |
               +--------+--------+--------+--------+--------+-----+--------+

Top non-repeatable levels by time:
     D:7: 2632 daAuts
   Zot:1: 2213 daAuts
   Zot:2: 1801 daAuts
Vaults:3: 1769 daAuts
Depths:4: 1692 daAuts
Vaults:1: 1683 daAuts
Spider:4: 1590 daAuts
Depths:2: 1586 daAuts
Depths:1: 1576 daAuts
    D:15: 1575 daAuts
Depths:3: 1533 daAuts
  Lair:5: 1462 daAuts
    D:14: 1452 daAuts
Vaults:2: 1389 daAuts
     D:8: 1383 daAuts
